 Dungeon Crawl Stone Soup version 0.29.0-7-g18a832c13a (webtiles) character file.

Game seed: 14550613556523342177

2 Zeldest the Caller (level 1, 0/14 HPs)
             Began as a Meteoran Summoner on Aug 30, 2022.
             Slain by an endoplasm (3 damage)
             ... on level 1 of the Dungeon.
             The game lasted 00:00:28 (79 turns).

Zeldest the Caller (Meteoran Summoner)                Turns: 79, Time: 00:00:29

Health: 0/14       AC:  2    Str:  9    XL:     1   Next: 42%
Magic:  4/5        EV: 12    Int: 16    God:
Gold:   37         SH:  0    Dex: 14    Spells: 4/5 levels left

rFire   . . .      SeeInvis .   (no weapon)
rCold   . . .      Faith    .   (no shield)
rNeg    . . .      Spirit   .   a - +0 robe
rPois   .          Reflect  .   (no helmet)
rElec   .          Harm     .   (no cloak)
rCorr   .          Rampage  .   (no gloves)
Will    .....                   (no boots)
Stlth   +.........              (no amulet)
HPRegen 0.04/turn               (no ring)
MPRegen 0.09/turn               (no ring)

@: glowing
A: sense surroundings 1, otherworldly, glowing, explore regen
a: no special abilities


You were on level 1 of the Dungeon.
You visited 1 branch of the dungeon, and saw 1 of its levels.

You collected 37 gold pieces.

Inventory:

Armour
 a - a +0 robe (worn)
Potions
 b - a potion of magic


   Skills:
 + Level 0.1 Fighting
 - Level 2.4 Dodging
 - Level 1.4 Stealth
 + Level 2.7 Spellcasting
 * Level 4.9 Summonings


You had 4 spell levels left.
You knew the following spells:

 Your Spells              Type           Power      Damage    Failure   Level
a - Summon Small Mammal   Summ           68%        N/A       2%          1

Your spell library contained the following spells:

 Spells                   Type           Power      Damage    Failure   Level
 Call Imp                 Summ           17%        N/A       3%          2
 Call Canine Familiar     Summ           17%        N/A       8%          3
 Summon Guardian Golem    Hex/Summ       10%        N/A       22%         3
 Summon Lightning Spire   Summ/Air       10%        N/A       56%         4


Dungeon Overview and Level Annotations

Branches:
Dungeon (1/15) Zot: 521

Altars:


Innate Abilities, Weirdness & Mutations

You passively map a small area around you.
You are easily found by Zot.
You glow in the dark.
You regain HP and MP as you explore.


Message History

Your quokka barely misses the kobold.
You closely miss the kobold. The frilled lizard barely misses you.
The kobold barely misses you.
You barely miss the kobold.
Your quokka bites the kobold but does no damage.
The frilled lizard bites you. The kobold hits you with a +0 club.
Your rat barely misses the frilled lizard.
You hit the kobold but do no damage.
Your quokka bites the kobold.
The kobold dies!
The frilled lizard closely misses you.
Your rat bites the frilled lizard.
The frilled lizard dies!
Your rat disappears in a puff of smoke!
An endoplasm comes into view.
Found 7 stones.
You swap places.
The endoplasm quivers.
Your quokka bites the endoplasm.
The endoplasm freezes your quokka.
Your quokka is frozen.
Your quokka bites the endoplasm but does no damage.
The endoplasm hits your quokka.
Your quokka dies!
Your quokka's corpse disappears in a puff of smoke!
The endoplasm hits you.
You completely miss the endoplasm.
The endoplasm is almost dead.
The endoplasm hits you.
You hit the endoplasm but do no damage.
The endoplasm is almost dead.
The endoplasm hits you.
You barely miss the endoplasm.
The endoplasm is almost dead.
The endoplasm hits you.
Casting: Summon Small Mammal (safe; 2% risk of failure)
Confirm with . or Enter, or press ? or * to list all spells.
The endoplasm freezes you.
You are frozen.
* * * LOW HITPOINT WARNING * * *
The endoplasm attacks as you move away! The endoplasm hits you.
You die...

, #.# * ..#
**,#.#,** *
..., ,#.# *
#r# , , *
#J#,, , *
#@#, # * ***
#.# .#
.#######.#,.#
.........#..#
,
.........#..#
.....(#.....#
,
......#..##.#
#######.....#
,
#..........#


You could see an endoplasm (ally target) and a friendly rat (summoned).

Vanquished Creatures (collateral kills)
  A kobold (D:1)
  A frilled lizard (D:1)
2 creatures vanquished.

Notes
Turn   | Place    | Note
-------+----------+-------------------------------------------
     0 | D:1      | Zeldest the Meteoran Summoner began the quest for the Orb.
     0 | D:1      | Reached XP level 1. HP: 14/14 MP: 5/5
    79 | D:1      | Slain by an endoplasm

Illustrated notes

Levels and vault maps discovered:
D:1:      onia_arrival_mini_spirals, layout_basic,
          hellmonk_ecumenical_altar_leap_of_faith, serial_shops,
          nicolae_shop_behind_doors

Action                   || total
-------------------------++-------
Melee: Unarmed           ||     6
 Cast: Summon Small Mamm ||     3
Armor: Robe              ||     3
Dodge: Dodged            ||     5
